 Dungeon Crawl Stone Soup version 0.20-a0-550-gf70bbbc (webtiles) character file.

55 Karnivor the Conjurer (level 3, -1/26 HPs)
             Began as a Draconian Conjurer on Feb 3, 2017.
             Killed from afar by an orc wizard (7 damage)
             ... with a puff of flame
             ... on level 1 of the Dungeon.
             The game lasted 00:04:42 (1882 turns).

Karnivor the Conjurer (Draconian Conjurer)          Turns: 1882, Time: 00:04:42

Health: -1/26      AC:  5    Str: 10    XL:     3   Next: 67%
Magic:  4/7        EV: 12    Int: 16    God:
Gold:   54         SH:  0    Dex: 11    Spells: 7/8 levels left

rFire    . . .     SeeInvis .   d - +0 club
rCold    . . .     Gourm    .   (armour unavailable)
rNeg     . . .     Faith    .   (no shield)
rPois    .         Spirit   .   (helmet restricted)
rElec    .         Reflect  .   (no cloak)
rCorr    .         Harm     .   (no gloves)
MR       .....                  (no boots)
Stlth    ++........             (no amulet)
Regen    0.1/turn               (no ring)
                                (no ring)

@: no status effects
A: unfitting armour, cold-blooded, AC +5
a: no special abilities


You were on level 1 of the Dungeon.
You were hungry.

You visited 1 branch of the dungeon, and saw 2 of its levels.

You collected 54 gold pieces.

Inventory:

Hand Weapons
 d - a +0 club (weapon)
Jewellery
 e - an uncursed ring of positive energy {unknown}
Scrolls
 f - a scroll of immolation {unknown}
 h - a scroll of remove curse {unknown}
 i - 2 scrolls of identify {unknown}
 l - a scroll of teleportation {unknown}
Potions
 c - a potion of might {unknown}
 g - a potion of lignification {unknown}
 m - a potion of haste {unknown}
Books
 a - a book of Conjurations

   Spells                             Type                      Level
   a - Magic Dart                     Conjuration                  1
   b - Searing Ray                    Conjuration                  2
   c - Dazzling Spray                 Conjuration/Hexes            3
   d - Fulminant Prism                Conjuration/Hexes            4
   e - Iskenderun's Mystic Blast      Conjuration                  4
   f - Iskenderun's Battlesphere      Conjuration/Charms           5
Comestibles
 b - 2 bread rations
 j - 2 royal jellies
 k - 2 chunks of flesh


   Skills:
 - Level 1.7 Dodging
 - Level 1.7 Stealth
 + Level 3.0 Spellcasting
 + Level 4.7 Conjurations


You had 7 spell levels left.
You knew the following spells:

 Your Spells              Type           Power        Failure   Level  Hunger
a - Magic Dart            Conj           ###.         3%          1    #......


Dungeon Overview and Level Annotations

Branches:
Dungeon (2/15)

Altars:


Innate Abilities, Weirdness & Mutations

Your plain brown scales are hard. (AC +5)
You cannot fit into any form of body armour.
You are cold-blooded and may be slowed by cold attacks.


Message History

Casting: Magic Dart
Confirm with . or Enter, or press ? or * to list all spells.
You can't see any susceptible monsters within range! (Use Z to cast anyway.) Unknown command.
You hit something.
Your tail-slap misses something.
Something hits you.
You hear some strange, mumbled words.
You are confused.
You closely miss something. You tail-slap something. Something hits you.
You closely miss something.
Your tail-slap misses something.
Something hits you but does no damage.
You bump into the rock wall.
Something hits you but does no damage. Something hits you.
You see here a trident.
You feel less confused. Something hits you.
* * * LOW HITPOINT WARNING * * *
You hear some strange, mumbled words.
A puff of flame appears from out of thin air!
The puff of flame hits you!
You die...

.............# #.# #.#
......##.#.### #.######.#
.##..........#### #........#
.##...........>.################
..............)................#
...........#.....#############.#
........).....(......# #.#
.......#####.###.###.# #.#
..#.#..# #....@# #.# #.#
..#....#####.....# #.# #######.#
.................# #.# #.......#
##.....#####.##..# #.###.#######
.+...........##..# #......#
##.....########..#
#####..####### ##.....# #..#
#........# .#.....# #..####
#......#.# .#.....# #.....#
######.#.#


There were no monsters in sight!

Vanquished Creatures
  An adder (D:2)
  2 oozes (D:1)
  A dart slug (D:1)
  2 orcs
  3 giant cockroaches (D:1)
  6 hobgoblins (D:1)
  A kobold (D:1)
  7 bats (D:1)
  2 frilled lizards (D:1)
  5 goblins (D:1)
  4 rats (D:1)
34 creatures vanquished.

Notes
Turn   | Place    | Note
-------+----------+-------------------------------------------
     0 | D:1      | Karnivor the Draconian Conjurer began the quest for the Orb.
     0 | D:1      | Reached XP level 1. HP: 14/14 MP: 3/3
   245 | D:1      | Reached XP level 2. HP: 20/20 MP: 3/5
  1265 | D:1      | Reached XP level 3. HP: 15/26 MP: 0/7
  1882 | D:1      | Killed from afar by an orc wizard

Vault maps used:
D:1:      dpeg_arrival_stonehenge_8_columns, minmay_tromino_mix6
D:2:      lemuel_round_altar, overflow_temple_1_default, first_bread,
          minmay_rat_gold_closets

Skill      XL: |  1  2  3 |
---------------+----------+-----
Spellcasting   | 3 |  3.0
Dodging        | |  1.7
Stealth        | |  1.7
Conjurations   | |  4.7

Action                   || total
-------------------------++-------
Melee: Club              ||    55
       Unarmed           ||     3
       Tailslap          ||     4
 Cast: Magic Dart        ||    68
  Eat: Chunk             ||     3
Armor: Skin              ||    30
Dodge: Dodged            ||    56
